 Dungeon Crawl Stone Soup version bcrawl-1.19.2-6-g6a88ae04c9 (webtiles) character file.

Game seed: 14400881258497047182

177 Mrkan the Skirmisher (level 5, -4/48 HPs)
             Began as a Hill Orc Fighter on Dec 24, 2019.
             Blown up by Terence (9 damage)
             ... with a wand of disintegration (12)
             ... on level 2 of the Dungeon.
             The game lasted 00:02:03 (995 turns).

Mrkan the Skirmisher (Hill Orc Fighter)              Turns: 995, Time: 00:02:04

Health: -4/48      AC:  9    Str: 20    XL:     5   Next: 57%
Magic:  5/5        EV:  5    Int:  8    God:
Gold:   78         SH:  9    Dex: 10    Spells: 4/4 levels left

rFire    . . .     SeeInvis .   a - +0 war axe
rCold    . . .     Gourm    .   c - +0 shield
rNeg     . . .     Faith    .   p - +0 chain mail
rPois    .         Spirit   .   (no helmet)
rElec    .         Reflect  .   (no cloak)
rCorr    .         Harm     .   (no gloves)
MR       .....                  (no boots)
Stlth    ..........             (no amulet)
HPRegen  0.16/turn              (no ring)
MPRegen  0.09/turn              (no ring)

@: no status effects
A: no striking features
a: no special abilities


You were on level 2 of the Dungeon.
You were hungry.

You visited 1 branch of the dungeon, and saw 2 of its levels.

You collected 78 gold pieces.

Inventory:

Hand Weapons
 a - a +0 war axe (weapon)
Armour
 c - a +0 shield (worn)
 p - a +0 chain mail (worn)
Jewellery
 l - an uncursed amulet of the acrobat {unknown}
Scrolls
 e - a scroll of teleportation {unknown}
 g - 3 scrolls of remove curse {unknown}
 h - a scroll of fog {unknown}
 i - a scroll of amnesia {unknown}
 n - 2 scrolls of identify {unknown}
Potions
 b - 2 potions of curing {unknown}
 d - 3 potions of might
 j - 2 potions of flight {unknown}
 k - 2 potions of berserk rage {unknown}
 m - a potion of lignification {unknown}
 o - a potion of invisibility {unknown}
 q - 2 potions of mutation {unknown}
Comestibles
 f - 3 rations {!d}


   Skills:
 * Level 5.2 Fighting
   Level 5.2 Short Blades
   Level 5.2 Long Blades
   Level 5.2 Axes
   Level 5.2 Maces & Flails
   Level 5.2 Polearms
   Level 5.2 Staves
 + Level 4.3 Armour
 + Level 4.3 Shields
   Level 5.2 Unarmed Combat


You had 4 spell levels left.
You didn't know any spells.
Your spell library was empty.

Dungeon Overview and Level Annotations

Branches:
Dungeon (2/12)

Altars:
Kikubaaqudgha

Annotations:
D:2 Terence


Message History

There is an open door, spattered with blood here.
Your shield and chain mail prevent you from hitting Terence.
Terence hits you with a +2 flail of holy wrath.
Your shield and chain mail prevent you from hitting Terence.
You block Terence's attack.
You hit Terence.
Terence is lightly wounded.
Terence hits you with a +2 flail of holy wrath.
Terence zaps a wand.
You are blasted!
* * * LOW HITPOINT WARNING * * *
You closely miss Terence.
Terence is lightly wounded.
Terence hits you but does no damage.
Your shield and chain mail prevent you from hitting Terence.
Terence is lightly wounded.
Terence barely misses you.
Terence zaps a wand.
You are blasted!
* * * LOW HITPOINT WARNING * * *
Terence zaps a wand.
You are blasted!
You die...

#............. #.#
#.##.#.#####.. #..# #.##.#.#
#P≈ ##.#.## #.#..# #♣.
##..##.## #.#.## ..P #.......#
#.#.# # ... #.....# #.#.##.##
.#.
##########.....#####.......###
..
......'......@..@.............+
......####.....#######.#...####
.....# ##.#### #......# ....#
#.# ######.# #### ### .# #


You could see Terence.

Vanquished Creatures
  3 vampire bats (D:2)
  2 worms (D:2)
  A dart slug (D:2)
  2 leopard geckos
  An orc (D:2)
  2 ball pythons (D:1)
  A bat skeleton (D:2)
  5 bat zombies (D:2)
  3 giant cockroaches
  5 goblins
  A hobgoblin (D:1)
  4 jackals (D:1)
  2 bats (D:1)
  6 kobolds
  3 rats (D:1)
41 creatures vanquished.

Notes
Turn   | Place    | Note
-------+----------+-------------------------------------------
     0 | D:1      | Mrkan the Hill Orc Fighter began the quest for the Orb.
     0 | D:1      | Reached XP level 1. HP: 20/20 MP: 1/1
   164 | D:1      | Reached XP level 2. HP: 27/27 MP: 2/2
   373 | D:1      | Reached XP level 3. HP: 34/34 MP: 3/3
   795 | D:2      | Found an ancient bone altar of Kikubaaqudgha.
   809 | D:2      | Reached XP level 4. HP: 30/41 MP: 4/4
   817 | D:2      | Reached skill level 5 in Fighting
   817 | D:2      | Reached XP level 5. HP: 33/48 MP: 5/5
   977 | D:2      | Noticed Terence
   995 | D:2      | Blown up by Terence

Skill      XL: |  1  2  3  4 |
---------------+-------------+-----
Armour         | 4 |  4.3
Shields        | 4 |  4.3
Fighting       | 5 |  5.2
Short Blades   | |  5.2
Long Blades    | |  5.2
Axes           | |  5.2
Maces & Flails | |  5.2
Polearms       | |  5.2
Staves         | |  5.2
Unarmed Combat | |  5.2

Action                   |  1- 3 |  4- 6 || total
-------------------------+-------+-------++-------
Melee: War axe           |    97 |    25 ||   122
Armor: Scale mail        |    15 |       ||    15
       Chain mail        |    82 |    33 ||   115
Dodge: Dodged            |    36 |    10 ||    46
Block: Shield            |    70 |    22 ||    92
